 Dungeon Crawl Stone Soup version 0.27-a0-1140-g099f9bb0e8 (webtiles) character file.

Game seed: 18400774284594213749

408 ReteAZ the Magician (level 6, -2/46 HPs)
             Began as a Djinni Fire Elementalist on May 10, 2021.
             Slain by a wyvern (7 damage)
             ... on level 4 of the Dungeon.
             The game lasted 00:03:24 (4810 turns).

ReteAZ the Magician (Djinni Fire Elementalist)      Turns: 4810, Time: 00:03:24

Health: -2/46      AC:  2    Str:  7    XL:     6   Next: 88%
Gold:   61         EV: 13    Int: 18    God:
                   SH:  0    Dex: 14

rFire    + + .     SeeInvis .   e - +4 dagger (venom)
rCold    x . .     Faith    .   (no shield)
rNeg     . . .     Spirit   .   a - +0 robe
rPois    ∞         Reflect  .   (no helmet)
rElec    .         Harm     .   (no cloak)
rCorr    .         Rampage  .   (no gloves)
Will     .....                  (boots unavailable)
Stlth    ++........             (no amulet)
HPRegen  0.15/turn              (no ring)
MPRegen  0.00/turn              (no ring)

@: flying, very slightly contaminated
A: sickness immunity, fire resistance 2, cold vulnerability 1, float, innate
caster, hp casting, extra vitality 1
a: no special abilities


You were on level 4 of the Dungeon.
You visited 1 branch of the dungeon, and saw 4 of its levels.

You collected 94 gold pieces.
You spent 33 gold pieces at shops.

Inventory:

Hand Weapons
 e - a +4 dagger of venom (weapon)
Armour
 a - a +0 robe (worn)
 f - a +0 kite shield
Scrolls
 d - 2 scrolls of enchant weapon {unknown}
 g - a scroll of magic mapping {unknown}
 h - a scroll of identify {unknown}
Potions
 b - 3 potions of curing
 c - 2 potions of brilliance {unknown}
 i - 2 potions of attraction {unknown}


   Skills:
 + Level 3.1 Fighting
 + Level 4.2 Dodging
 - Level 1.5 Stealth
 * Level 4.8 Spellcasting


You couldn't memorise any spells.
You knew the following spells:

 Your Spells              Type           Power      Damage    Failure   Level
a - Foxfire               Conj/Fire      88%        2x1d8     1%          1
b - Conjure Flame         Conj/Fire      22%        6-21      5%          3
c - Inner Flame           Hex/Fire       22%        N/A       5%          3
d - Sticky Flame          Conj/Fire      22%        2d4       19%         4
e - Fireball              Conj/Fire      11%        3d7       45%         5
f - Apportation           Tloc           44%        N/A       1%          1
g - Corpse Rot            Necr/Air       N/A        N/A       2%          2
Your spell library was empty.

Dungeon Overview and Level Annotations

Branches:
Dungeon (4/15)
 Temple: D:4-7

Altars:

Shops:
D:1 [   D:2 [   D:4 [!

Annotations:
D:3 1 runed translucent door, PolarisCt's ghost, amateur HOFi


Innate Abilities, Weirdness & Mutations

You are immune to sickness and miasma.
You are immune to poison.
Your flesh is very heat resistant. (rF++)
You are vulnerable to cold. (rC-)
You float through the air rather than walking.
You learn spells naturally, not from books.
Your magical power is your life essence.
You have superior vitality. (+4 HP)


Message History

The wyvern is moderately wounded.
The foxfire hits the wyvern.
The wyvern is moderately wounded.
The foxfire hits the wyvern but does no damage.
The wyvern is moderately wounded.
The wyvern misses you.
You hit the wyvern.
The wyvern is moderately wounded.
The wyvern barely misses you. The wyvern closely misses you.
You hit the wyvern.
The wyvern is poisoned.
The wyvern is heavily wounded.
The wyvern misses you.
You barely miss the wyvern.
The wyvern is heavily wounded.
The wyvern bites you! The wyvern barely misses you.
Casting: Foxfire (safe; 1% risk of failure)
Confirm with . or Enter, or press ? or * to list all spells.
The spell is quite dangerous to cast (19% risk of failure)!
Continue anyway?
Okay, then.
Casting: Sticky Flame (quite dangerous; 19% risk of failure)
Confirm with . or Enter, or press ? or * to list all spells.
The spell is quite dangerous to cast (19% risk of failure)!
Continue anyway? [Y]es or [N]o only, please.
The spell is quite dangerous to cast (19% risk of failure)!
Continue anyway?
Aiming: Sticky Flame (quite dangerous; 19% risk of failure)
Press: ? - help, Shift-Dir - straight line, f - wyvern
Aim: a wyvern (heavily wounded, very poisoned, 100% to hit)
You miscast Sticky Flame.
You are very lightly contaminated with residual magic.
Nothing appears to happen.
The wyvern completely misses you.
Casting: Sticky Flame (quite dangerous; 19% risk of failure)
Confirm with . or Enter, or press ? or * to list all spells.
The spell is quite dangerous to cast (19% risk of failure)!
Continue anyway?
Aiming: Sticky Flame (quite dangerous; 19% risk of failure)
Press: ? - help, Shift-Dir - straight line, f/p - wyvern
Aim: a wyvern (heavily wounded, very poisoned, 100% to hit)
You miscast Sticky Flame.
Strange energies run through your body!
* * * LOW HITPOINT WARNING * * *
x2 The wyvern bites you!
You die...

#.# #.# #.#####.#
#.......# #..###########
#..##.........
#...#......#####
##########..#...........
>..................####.
###...@###.#.#........≈
#...l# #.#.#....####≈
#....# #.#.#.#..# #.
#.(..# #.#.#.#..# #.
#....# #.#.#.#..# #.
+..... .......... ..
#....# #.#.#.##..###.
#....# #.# #.##..# ..
#.##..#


You could see a wyvern (very poisoned).

Vanquished Creatures
  A kobold brigand (D:2)
  A gnoll sergeant (D:4)
  2 iguanas (D:4)
  A scorpion zombie (D:3)
  2 hound skeletons
  5 gnolls (D:4)
  6 adders
  A white imp (D:3)
  3 worms
  2 dart slugs
  11 endoplasms
  4 giant cockroaches
  5 hobgoblins
  A jackal (D:2)
  5 quokkas
  6 ball pythons
  2 bats
  A giant cockroach zombie (D:3)
  5 goblins
  A jackal zombie (D:3)
  3 kobolds
  5 rats
73 creatures vanquished.

Vanquished Creatures (collateral kills)
  2 foxfires (D:3)
2 creatures vanquished.

Vanquished Creatures (others)
  2 jackals (D:4)
  427 foxfires
429 creatures vanquished.

Grand Total: 504 creatures vanquished

Notes
Turn   | Place    | Note
-------+----------+-------------------------------------------
     0 | D:1      | ReteAZ the Djinni Fire Elementalist began the quest for the
                  | Orb.
     0 | D:1      | Reached XP level 1. HP: 15/15 MP: 0/0
   168 | D:1      | Found Ytwinywk's Armour Boutique.
   286 | D:1      | Reached XP level 2. HP: 13/22 MP: 0/0
   909 | D:1      | Reached skill level 1 in Fighting
   991 | D:1      | Found a faded altar of an unknown god.
  1225 | D:2      | Reached XP level 3. HP: 26/27 MP: 0/0
  1225 | D:2      | Learned a level 1 spell: Apportation
  1369 | D:2      | Found Irha Moth's Armour Boutique.
  2114 | D:2      | Noticed a kobold brigand
  2122 | D:2      | Killed a kobold brigand
  2123 | D:2      | Reached XP level 4. HP: 25/33 MP: 0/0
  2287 | D:2      | Reached XP level 5. HP: 35/38 MP: 0/0
  2287 | D:2      | Learned a level 2 spell: Corpse Rot
  2868 | D:3      | Found a runed translucent door.
  2869 | D:3      | Noticed PolarisCt's ghost (amateur HOFi)
  4032 | D:4      | Reached XP level 6. HP: 39/45 MP: 0/0
  4119 | D:4      | Found Xuositot's Armour Shop.
  4383 | D:4      | Found Voaddat's Distillery.
  4391 | D:4      | Bought a potion of curing for 33 gold pieces
  4798 | D:4      | Noticed a wyvern
  4810 | D:4      | Slain by a wyvern

Illustrated notes

Levels and vault maps discovered:
D:1:      ebering_hopf_link, layout_rooms, serial_shops, shop,
          hellmonk_ecumenical_altar_prayer_group
D:2:      layout_basic, serial_shops, nicolae_shop_stone, minmay_box_of_dots
D:3:      layout_basic, ebering_ghost_reflecting_pool, serial_undead,
          serial_undead_e, serial_undead_a, serial_undead_d, serial_undead_f,
          serial_bayou_pond_d
D:4:      layout_basic, serial_shops, nicolae_shop_waterfront, shop, shop,
          nicolae_shop_waterfront, lemuel_old_faithful

Skill      XL: |  1  2  3  4  5  6 |
---------------+-------------------+-----
Spellcasting   | 3 4 |  4.8
Fighting       | 1 2 3 |  3.1
Dodging        | 3 4 |  4.2
Stealth        | |  1.5

Action                   |  1- 3 |  4- 6 || total
-------------------------+-------+-------++-------
Melee: Unarmed           |     8 |       ||     8
       Dagger            |       |     9 ||     9
 Cast: Foxfire           |    98 |   163 ||   261
       Corpse Rot        |       |     1 ||     1
Armor: Robe              |     3 |     4 ||     7
Dodge: Dodged            |     8 |    12 ||    20

Table legend: (Time is in decaauts)
 A = Elapsed time spent in this place.
 B = Non-inter-level travel time spent in this place.
 C = Inter-level travel time spent in this place.
 D = Time resting spent in this place.
 E = Time spent auto-exploring this place.
 F = Levels seen in this place.
 G = Mean time per level.
                   A        B        C        D        E       F      G
               +--------+--------+--------+--------+--------+-----+--------+
         Total |   4808 |   4776 |     32 |    167 |   4188 |   4 | 1202.0 |
       Dungeon |   4808 |   4776 |     32 |    167 |   4188 |   4 | 1202.0 |
               +--------+--------+--------+--------+--------+-----+--------+

Top non-repeatable levels by time:
     D:2: 1574 daAuts
     D:3: 1221 daAuts
     D:1: 1200 daAuts
     D:4: 812 daAuts
